 Dungeon Crawl Stone Soup version 0.28.0-45-g0d030f2227 (webtiles) character file.

Game seed: 16381344229494052079

4 NinjaNoafa the Poker (level 1, -1/15 (17) HPs)
             Began as a Merfolk Gladiator on Apr 13, 2022.
             Frozen to death by an endoplasm (2 damage)
             ... on level 1 of the Dungeon.
             The game lasted 00:00:46 (194 turns).

NinjaNoafa the Poker (Merfolk Gladiator)             Turns: 194, Time: 00:00:47

HP:   -1/15 (17)    AC:  4    Str: 14    XL:     1   Next: 60%
MP:   1/1           EV: 13    Int:  7    God:
Gold: 10            SH:  0    Dex: 15    Spells: 0/0 levels left

rFire   . . .      SeeInvis .   e - +0 short sword (drain)
rCold   . . .      Faith    .   (no shield)
rNeg    . . .      Spirit   .   b - +0 leather armour
rPois   .          Reflect  .   c - +0 helmet
rElec   .          Harm     .   (no cloak)
rCorr   .          Rampage  .   (no gloves)
Will    .....                   (no boots)
Stlth   +.........              (no amulet)
HPRegen 0.05/turn               (no ring)
MPRegen 0.07/turn               (no ring)

@: heavily drained
A: (nimble swimmer 2), mertail
a: no special abilities


You were on level 1 of the Dungeon.
You visited 1 branch of the dungeon, and saw 1 of its levels.

You collected 10 gold pieces.

Inventory:

Hand Weapons
 a - a +0 trident
 e - a +0 short sword of draining (weapon)
Missiles
 d - a throwing net (quivered)
Armour
 b - a +0 leather armour (worn)
 c - a +0 helmet (worn)


   Skills:
 + Level 2.3 Fighting
 - Level 4.4 Polearms
 + Level 2.1 Throwing
 + Level 4.1 Dodging


You couldn't memorise any spells.
You didn't know any spells.
Your spell library was empty.

Dungeon Overview and Level Annotations

Branches:
Dungeon (1/15)

Altars:


Innate Abilities, Weirdness & Mutations

((You are very nimble when in or above water. (Stealth+, EV+, Speed+++)))
Your lower body shifts to a powerful aquatic tail in water.


Message History

Throw: 3 throwing nets
Press: ? - help, Q - select action, (/) - cycle Shift-Dir - straight line, f - endoplasm
Aim: an endoplasm (86% to hit)
You throw a throwing net. The throwing net hits the endoplasm.
The endoplasm is caught in the net!
The endoplasm struggles against the net.
The endoplasm struggles against the net.
The endoplasm struggles against the net.
Throw: 2 throwing nets
Press: ? - help, Q - select action, (/) - cycle Shift-Dir - straight line, f - kobold, p - endoplasm
Aim: a kobold, wielding a +0 dagger (53% to hit)
You throw a throwing net. The throwing net hits the kobold.
The kobold is caught in the net!
The kobold struggles against the net.
The endoplasm struggles against the net.
Okay, then.
Throw: 2 stones
Press: ? - help, Q - select action, (/) - cycle Shift-Dir - straight line, f/p - kobold
Aim: a kobold, wielding a +0 dagger (entangled in a net, 86% to hit)
You throw a stone. The stone hits the kobold.
The kobold is severely wounded.
The kobold struggles against the net.
The endoplasm struggles against the net.
Throw: stone
Press: ? - help, Q - select action, (/) - cycle Shift-Dir - straight line, f/p - kobold
Aim: a kobold, wielding a +0 dagger (severely wounded, entangled in a net, 86% to hit)
You throw a stone. The stone hits the kobold.
You kill the kobold!
The endoplasm struggles against the net.
The net rips apart, and the endoplasm comes free!
You hit the endoplasm.
The endoplasm is heavily wounded.
The endoplasm freezes you.
You are frozen.
* * * LOW HITPOINT WARNING * * *
You hit the endoplasm.
The endoplasm is severely wounded.
The endoplasm freezes you.
You are frozen.
You die...

#.# #.# #...... #.
#.#.#!..... ..
#.#.#...... # #.#####..
#.... +. #.#.....# #...
##.#.......###.#
..............)#########
..............J@........
.###.....#############
#.##### #.# #.# #.# #.#
#.# #.# #.# #.#♣♣ #.#
#...♣♣♣♣♣♣♣♣♣ #.#


You could see an endoplasm.

Vanquished Creatures
  A hobgoblin (D:1)
  A ball python (D:1)
  2 kobolds (D:1)
  A rat (D:1)
5 creatures vanquished.

Notes
Turn   | Place    | Note
-------+----------+-------------------------------------------
     0 | D:1      | NinjaNoafa the Merfolk Gladiator began the quest for the
                  | Orb.
     0 | D:1      | Reached XP level 1. HP: 16/16 MP: 1/1
   194 | D:1      | Frozen to death by an endoplasm

Illustrated notes

Levels and vault maps discovered:
D:1:      roderic_dead_forest, layout_basic

Action                   || total
-------------------------++-------
Melee: Trident           ||    10
       Short sword       ||     5
Throw: Stone             ||     2
       Throwing net      ||     2
Armor: Leather armour    ||     4
Dodge: Dodged            ||     7
